 Dungeon Crawl Stone Soup version 0.29-a0-997-gf6f7e2dfe7 (webtiles) character file.

Game seed: 2977509384811803173

487 porpoise the Chopper (level 7, -2/55 HPs)
             Began as a Formicid Gladiator on Aug 5, 2022.
             Killed by divine providence
             ... invoked by an orc priest
              (15 damage)
             ... on level 4 of the Dungeon.
             The game lasted 00:10:55 (4781 turns).

porpoise the Chopper (Formicid Gladiator)           Turns: 4781, Time: 00:10:56

Health: -2/55      AC:  5    Str: 21    XL:     7   Next: 36%
Magic:  7/7        EV: 12    Int:  7    God:
Gold:   105        SH:  0    Dex: 15    Spells: 6/6 levels left

rFire   . . .      SeeInvis +   a - +0 war axe
rCold   . . .      Faith    .   (no shield)
rNeg    . . .      Spirit   .   p - +0 ring mail
rPois   .          Reflect  .   (helmet unavailable)
rElec   .          Harm     .   (no cloak)
rCorr   .          Rampage  .   (no gloves)
Will    .....                   (no boots)
Stlth   +.........              (no amulet)
HPRegen 0.18/turn               (no ring)
MPRegen 0.10/turn               (no ring)

@: no status effects
A: permanent stasis, dig shafts and tunnels, antennae 3, four strong arms
a: Dig, Shaft Self


You were on level 4 of the Dungeon.
You visited 1 branch of the dungeon, and saw 4 of its levels.

You collected 147 gold pieces.
You spent 42 gold pieces at shops.

Inventory:

Hand Weapons
 a - a +0 war axe (weapon)
Missiles
 c - 3 throwing nets (quivered)
 d - a javelin
 j - 6 atropa-tipped darts
 y - 5 boomerangs
Armour
 p - a +0 ring mail (worn)
Jewellery
 f - an amulet of faith
Wands
 r - a wand of mindburst (11)
 w - a wand of polymorph (4)
 z - a wand of flame (19)
 A - a wand of quicksilver (8)
Scrolls
 e - 7 scrolls of teleportation {unknown}
 g - a scroll of vulnerability {unknown}
 h - 3 scrolls of enchant weapon {unknown}
 k - a scroll of amnesia {unknown}
 l - 3 scrolls of identify {unknown}
 o - 2 scrolls of fear {unknown}
 s - a scroll of blinking {unknown}
Potions
 b - a potion of flight {unknown}
 i - a potion of brilliance {unknown}
 m - 4 potions of attraction {unknown}
 n - 2 potions of heal wounds {unknown}
 q - a potion of might {unknown}
 t - a potion of magic {unknown}
 u - 2 potions of cancellation {unknown}
 v - 2 potions of ambrosia {unknown}
 x - a potion of mutation {unknown}


   Skills:
 + Level 4.9 Fighting
 * Level 6.6 Axes
 - Level 2.0 Throwing
 - Level 2.7 Dodging


You had 6 spell levels left.
You didn't know any spells.
Your spell library contained the following spells:

 Spells                   Type           Power      Damage    Failure   Level
 Apportation              Tloc           0%         N/A       61%         1
 Necrotise                Necr           0%         1d4       61%         1
 Summon Small Mammal      Summ           0%         N/A       61%         1
 Conjure Flame            Conj/Fire      0%         6-21      93%         3
 Ignite Poison            Fire/Tmut/Pois 0%         N/A       93%         3
 Vampiric Draining        Necr           0%         2d6       93%         3
 Sticky Flame             Conj/Fire      0%         2d3       100%        4
 Agony                    Necr           0%         N/A       100%        5


Dungeon Overview and Level Annotations

Branches:
Dungeon (4/15)
 Temple: D:4-7

Altars:
Fedhas
Vehumet

Shops:
D:2 (   D:3 !


Innate Abilities, Weirdness & Mutations

You cannot be hasted, slowed, berserked, paralysed or teleported.
You can dig through walls and to a lower floor.
You have a pair of large antennae on your head. (SInv)
Your four strong arms can wield two-handed weapons with a shield.


Message History

The orc hits you but does no damage.
An orc priest comes into view. It is wielding a +0 flail.
You slash the orc!
You kill the orc!
The orc priest hits you but does no damage.
The orc priest miscasts a cantrip.
The orc priest closely misses you.
You see here a +0 mace.
You slash the orc priest!
The orc priest is almost dead.
The orc priest miscasts a cantrip.
The orc priest calls down the wrath of Beogh upon you.
Beogh smites you!
A goblin comes into view. It is wielding a +0 dagger.
The goblin shouts!
You hit the orc priest.
You kill the orc priest!
The orc throws a boomerang.
The boomerang hits you.
The orc priest invokes the aid of Beogh against you.
Beogh smites you!
* * * LOW HITPOINT WARNING * * *
The orc wizard hits you with a +0 dagger.
* * * LOW HITPOINT WARNING * * *
You barely miss the orc wizard. The orc wizard closely misses you.
You slash the orc wizard!
The orc wizard is severely wounded.
The orc throws a boomerang.
The boomerang misses the orc wizard.
The boomerang completely misses you.
The orc wizard points at you and mumbles some strange words.
The puff of flame misses you.
You slash the orc wizard!
You kill the orc wizard!
You hit the orc priest.
The orc priest is moderately wounded.
The orc priest closely misses you.
You barely miss the orc priest.
The orc priest is moderately wounded.
The orc priest calls down the wrath of Beogh upon you.
Beogh smites you!
You die...

###### # ##P..~# #
##P~~~~# ## #..~PP~#
.## #PP~PP.#
..###~~♣P~##
P...PP~~P~##########
.~P.~~~P~.......@oo#
PPP~P~♣.P#########g.#


~PPPP♣PP## ..# ≈♣P♣♣~..# ..# ♣≈♣~~~P## ... ♣♣♣≈~P.# #. ~~≈♣~~## P~~~P.# PP~P You
could see an orc priest, an orc and a goblin.

Vanquished Creatures
  A sky beast (D:4)
  A howler monkey (D:3)
  An orc priest (D:4)
  A hound (D:4)
  Jessica (D:3)
  2 orc wizards
  Natasha (thrice) (D:3)
  5 adders
  3 worms
  4 dart slugs
  6 orcs
  4 endoplasms
  3 giant cockroaches
  9 goblins
  11 hobgoblins
  3 quokkas
  10 ball pythons
  7 bats
  6 frilled lizards
  5 kobolds
  5 rats
91 creatures vanquished.

Vanquished Creatures (others)
  4 plants (D:3)
4 creatures vanquished.

Grand Total: 95 creatures vanquished

Notes
Turn   | Place    | Note
-------+----------+-------------------------------------------
     0 | D:1      | porpoise the Formicid Gladiator began the quest for the
                  | Orb.
     0 | D:1      | Reached XP level 1. HP: 16/16 MP: 1/1
   308 | D:1      | Reached XP level 2. HP: 23/23 MP: 2/2
   594 | D:1      | Found a faded altar of an unknown god.
   804 | D:1      | Reached XP level 3. HP: 28/28 MP: 3/3
  1567 | D:2      | Reached skill level 4 in Axes
  1621 | D:2      | Reached XP level 4. HP: 15/35 MP: 4/4
  2202 | D:2      | Found Gari Zif's Weapon Shop.
  2572 | D:3      | Found Umniatim's Distillery.
  2576 | D:3      | Noticed Natasha
  2584 | D:3      | Killed Natasha
  2585 | D:3      | Reached XP level 5. HP: 33/41 MP: 5/5
  2779 | D:3      | Bought a potion of curing for 42 gold pieces
  2856 | D:3      | Reached skill level 5 in Axes
  2958 | D:3      | Noticed Natasha
  2962 | D:3      | Killed Natasha
  2963 | D:3      | Reached XP level 6. HP: 48/48 MP: 6/6
  3281 | D:3      | Noticed Jessica
  3284 | D:3      | Killed Jessica
  3504 | D:3      | Noticed Natasha
  3579 | D:3      | Killed Natasha
  4103 | D:4      | Found a radiant altar of Vehumet.
  4123 | D:4      | Noticed a sky beast
  4224 | D:4      | Killed a sky beast
  4225 | D:4      | Reached skill level 6 in Axes
  4225 | D:4      | Reached XP level 7. HP: 55/55 MP: 7/7
  4554 | D:4      | Found a blossoming altar of Fedhas.
  4781 | D:4      | Killed from afar by an orc priest

Illustrated notes

Levels and vault maps discovered:
D:1:      nicolae_arrival_washed_ashore, layout_loops_ring,
          dreamdust_ecumenical_altar_grove, minmay_misc_feat_pillars,
          st_stairs_6
D:2:      layout_loops_cross, serial_shops, shop
D:3:      layout_basic, serial_shops, nicolae_diamond_shop, st_stairs_10,
          chequers_big_river, uniq_natasha, uniq_jessica
D:4:      layout_rooms, fedhas_altar_fruit_tree, vehumet_altar_wand_db,
          serial_bayou_lagoon_a, chequers_serial_rivers_large_a,
          hangedman_abyss_or_decor_slice, abandoned_shop,
          palyth_stone_intersect, st_stairs_1

Skill      XL: |  1  2  3  4  5  6 |
---------------+-------------------+-----
Axes           | 4 5 6 |  6.6
Fighting       | 3 4 |  4.9
Throwing       | |  2.0
Dodging        | |  2.7

Action                   |  1- 3 |  4- 6 |  7- 9 || total
-------------------------+-------+-------+-------++-------
Melee: War axe           |   125 |   106 |    48 ||   279
       Punch             |     2 |       |       ||     2
       Unarmed           |       |     8 |       ||     8
Evoke: Wand              |       |     2 |     1 ||     3
  Use: Potion            |       |     1 |       ||     1
Armor: Leather armour    |    27 |       |       ||    27
       Ring mail         |    14 |    22 |    16 ||    52
Dodge: Dodged            |   101 |    69 |    31 ||   201

Table legend: (Time is in decaauts)
 A = Elapsed time spent in this place.
 B = Non-inter-level travel time spent in this place.
 C = Inter-level travel time spent in this place.
 D = Time resting spent in this place.
 E = Time spent auto-exploring this place.
 F = Levels seen in this place.
 G = Mean time per level.
                   A        B        C        D        E       F      G
               +--------+--------+--------+--------+--------+-----+--------+
         Total |   4863 |   4737 |    126 |   1452 |   2321 |   4 | 1215.8 |
       Dungeon |   4863 |   4737 |    126 |   1452 |   2321 |   4 | 1215.8 |
               +--------+--------+--------+--------+--------+-----+--------+

Top non-repeatable levels by time:
     D:3: 1770 daAuts
     D:2: 1243 daAuts
     D:1: 1241 daAuts
     D:4: 608 daAuts
